 Dungeon Crawl Stone Soup version 0.30-a0-167-g62a5988fa7 (webtiles) character file.

Game seed: 9710380455585538960

329 qw the Chopper (level 6, -6/38 HPs)
             Began as a Gargoyle Fighter on Sept 29, 2022.
             Mangled by Duvessa
             ... wielding a +0 short sword
              (12 damage)
             ... on level 4 of the Dungeon.
             The game lasted 00:01:18 (3178 turns).

qw the Chopper (Gargoyle Fighter)                   Turns: 3178, Time: 00:01:19

Health: -6/38      AC: 16    Str: 24    XL:     6   Next: 51%
Magic:  6/6        EV: 10    Int:  9    God:
Gold:   191        SH:  4    Dex:  9    Spells: 5/5 levels left

rFire   . . .      SeeInvis .    Y - +2 war axe (vorpal)
rCold   + . .      Faith    .    c - +0 buckler
rNeg    + . .      Spirit   .    h - +2 ring mail {rC+}
rPois   inf        Reflect  .    (no helmet)
rElec   +          Harm     .    f - +0 cloak
rCorr   .          Rampage  .    m - +2 pair of gloves {Str+3}
Will    .....                    (no boots)
Stlth   ..........               (no amulet)
HPRegen 0.12/turn                (no ring)
MPRegen 0.10/turn                (no ring)

@: no status effects
A: sickness immunity, AC +4, negative energy resistance 1, electricity
resistance, torment resistance 1, petrification resistance
a: no special abilities


You were on level 4 of the Dungeon.
You visited 1 branch of the dungeon, and saw 4 of its levels.

You collected 191 gold pieces.


Innate Abilities, Weirdness & Mutations

You are immune to sickness and miasma.
Your stone body is resilient. (AC +4)
You are immune to poison.
You resist negative energy. (rN+)
You are resistant to electric shocks. (rElec)
You are resistant to unholy torment.
You are immune to petrification.


   Skills:
 - Level 4.1 Fighting
 + Level 5.5 Axes
 - Level 3.2 Armour
 - Level 1.0 Dodging
 - Level 3.2 Shields


You had 5 spell levels left.
You didn't know any spells.
Your spell library was empty.

Inventory:

Hand Weapons
 b - a +0 flail
 Y - a +2 vorpal war axe (weapon)
Armour
 c - a +0 buckler (worn)
 f - a +0 cloak (worn)
 h - a +2 ring mail of cold resistance (worn)
 m - a +2 pair of gloves of strength (worn)
Jewellery
 j - a ring of magical power
Scrolls
 a - 2 scrolls of identify
Potions
 d - a potion of might
 e - a potion of lignification
 g - 4 potions of curing
 i - a potion of berserk rage {unknown}
 k - a potion of resistance

Dungeon Overview and Level Annotations

Branches:
Dungeon (4/15)
 Temple: D:4-7

Altars:

Shops:
D:1 =

Annotations:
D:4 Duvessa


Message History

You kill Dowan!
Duvessa screams, "No!
How DARE you!"
Duvessa goes berserk!
The jackal closely misses you. You block Duvessa's attack.
Your Fighting skill increases to level 4!
You hit Duvessa but do no damage. You hit the jackal.
You kill the jackal!
You block Duvessa's attack. You block the jackal's attack.
Duvessa hits you but does no damage.
You slash Duvessa!
Duvessa is moderately wounded.
You closely miss the jackal.
A jackal comes into view.
The jackal bites you but does no damage.
Duvessa hits you with a +0 short sword. The jackal barely misses you.
Duvessa hits you with a +0 short sword!
You barely miss Duvessa.
Duvessa is moderately wounded.
You hit the jackal. The jackal closely misses you. Duvessa closely misses you.
The jackal bites you but does no damage.
Duvessa hits you with a +0 short sword!
You hit the jackal.
You kill the jackal!
You hit Duvessa. Duvessa hits you with a +0 short sword.
You block Duvessa's attack. The jackal closely misses you.
An endoplasm comes into view.
The endoplasm quivers.
You hit Duvessa.
Duvessa is heavily wounded.
You barely miss the jackal. Duvessa completely misses you.
The jackal bites you but does no damage.
Duvessa hits you with a +0 short sword. The jackal bites you.
You hit Duvessa.
Duvessa is heavily wounded.
You barely miss the jackal. Duvessa hits you with a +0 short sword!
You die...

.. ........ ..
....... ..
#J....#
.##.....##.
..........
.Sh...# #####
#he...#
#.....#@###
#.........##
..
#.....#.%..#
... .
#.....#....#
..# .. #....
##...####..##
... #....
####...##..#..
#### #....#..'
#....#.#####
##.....##..##


You could see Duvessa (berserk), an adder, an endoplasm and 2 jackals.

Vanquished Creatures
  An ogre (D:3)
  Dowan (D:4)
  A gnoll bouda (D:4)
  An iguana (D:4)
  6 gnolls (D:3)
  An adder (D:2)
  2 worms (D:3)
  4 dart slugs
  5 orcs
  3 bats
  5 endoplasms
  2 giant cockroaches (D:1)
  2 hobgoblins (D:2)
  2 jackals (D:4)
  7 kobolds
  2 quokkas
  9 ball pythons
  5 frilled lizards
  6 goblins
  3 rats
68 creatures vanquished.

Notes
Turn   | Place    | Note
-------+----------+-------------------------------------------
     0 | D:1      | qw the Gargoyle Fighter began the quest for the Orb.
     0 | D:1      | Reached XP level 1. HP: 14/14 MP: 1/1
     0 | D:1      | 0 ||| qw: Version: 0.2-a-12-gaebbb33
     0 | D:1      | 0 ||| qw: Game counter: 1072
     0 | D:1      | 0 ||| qw: Always use a shield: true
     0 | D:1      | 0 ||| qw: God list: Okawaru
     0 | D:1      | 0 ||| qw: Allow faded altars: false
     0 | D:1      | 0 ||| qw: Do Orc after D:15 true
     0 | D:1      | 0 ||| qw: Do second Lair branch before Depths: true
     0 | D:1      | 0 ||| qw: Lair rune preference: random
     0 | D:1      | 0 ||| qw: Plans: Normal, Zot:1-4, God:TSO, Crypt, Tomb,
                  | Pan, Slime:5, Hells, Abyss, Orb
     0 | D:1      | 0 ||| PLANNING D:1-11
    37 | D:1      | 37 ||| Stepping ~*~*~tactically~*~*~ (stealth).
    42 | D:1      | 42 ||| Stepping ~*~*~tactically~*~*~ (stealth).
    52 | D:1      | Reached skill level 2 in Axes
   179 | D:1      | Reached XP level 2. HP: 17/19 MP: 2/2
   346 | D:1      | Found a faded altar of an unknown god.
   528 | D:1      | Found Itufroq's Jewellery Shoppe.
   543 | D:1      | 543 ||| SHOPLISTING amulet of Gushaaxu {Spirit rF+ Str+2
                  | Dex+6} (790 gold, have 76).
   543 | D:1      | 543 ||| SHOPLISTING amulet of guardian spirit (390 gold,
                  | have 76).
   543 | D:1      | 543 ||| SHOPLISTING ring "Ydirchowu" {rPois rF+ rC+ Dex-2
                  | Slay+3} (670 gold, have 76).
   543 | D:1      | 543 ||| SHOPLISTING ring of ice (325 gold, have 76).
   543 | D:1      | 543 ||| SHOPLISTING ring of protection from cold (325 gold,
                  | have 76).
   543 | D:1      | 543 ||| SHOPLISTING ring of resist corrosion (260 gold,
                  | have 76).
   728 | D:1      | Reached skill level 3 in Axes
   930 | D:1      | 930 ||| UPGRADING to +0 cloak.
   935 | D:1      | 935 ||| READING scroll labelled ROTWEUQEIF.
   936 | D:1      | 936 ||| READING scroll labelled HOVERO RINNEK.
   937 | D:1      | 937 ||| DRINKING 3 brown potions.
   984 | D:2      | Reached XP level 3. HP: 23/23 MP: 3/3
  1027 | D:2      | 1027 ||| Stepping ~*~*~tactically~*~*~ (hiding).
  1092 | D:2      | 1092 ||| Stepping ~*~*~tactically~*~*~ (stealth).
  1160 | D:2      | 1160 ||| DROPPING +0 club.
  1709 | D:2      | 1709 ||| UPGRADING to +2 ring mail of cold resistance.
  1719 | D:2      | 1719 ||| DROPPING +0 scale mail.
  1720 | D:2      | 1720 ||| UPGRADING to +2 pair of gloves of strength.
  1725 | D:2      | 1725 ||| READING 2 scrolls labelled WAOMAE TOAD.
  1726 | D:2      | 1726 ||| READING 2 scrolls labelled ENUOMYCUPI.
  1727 | D:2      | 1727 ||| READING scroll of enchant weapon.
  1727 | D:2      | 1727 ||| ENCHANTING +1 war axe.
  1812 | D:3      | 1812 ||| Stepping ~*~*~tactically~*~*~ (hiding).
  1818 | D:3      | Reached XP level 4. HP: 23/28 MP: 4/4
  1822 | D:3      | Reached skill level 4 in Axes
  1911 | D:3      | 1911 ||| DROPPING +0 whip.
  2012 | D:3      | 2012 ||| Stepping ~*~*~tactically~*~*~ (stealth).
  2013 | D:3      | 2013 ||| Stepping ~*~*~tactically~*~*~ (stealth).
  2191 | D:3      | 2191 ||| Stepping ~*~*~tactically~*~*~ (hiding).
  2193 | D:3      | 2193 ||| Stepping ~*~*~tactically~*~*~ (hiding).
  2207 | D:3      | 2207 ||| Stepping ~*~*~tactically~*~*~ (stealth).
  2218 | D:3      | Reached XP level 5. HP: 14/32 MP: 5/5
  3051 | D:3      | 3051 ||| READING scroll labelled ICEUS TUOGIKAW.
  3052 | D:3      | 3052 ||| DRINKING 3 clear potions.
  3053 | D:3      | 3053 ||| READING 5 scrolls of identify.
  3053 | D:3      | 3053 ||| IDENTIFYING fizzy purple potion
  3054 | D:3      | 3054 ||| READING 4 scrolls of identify.
  3054 | D:3      | 3054 ||| IDENTIFYING orange potion
  3055 | D:3      | 3055 ||| READING 3 scrolls of identify.
  3055 | D:3      | 3055 ||| IDENTIFYING bubbling ruby potion
  3056 | D:3      | 3056 ||| DROPPING potion of flight.
  3057 | D:3      | 3057 ||| DROPPING 2 potions of brilliance.
  3073 | D:4      | Noticed an ogre
  3080 | D:4      | 3080 ||| STAIRDANCE
  3087 | D:3      | Killed an ogre
  3088 | D:3      | Reached skill level 5 in Axes
  3096 | D:4      | Reached skill level 1 in Dodging
  3096 | D:4      | Reached XP level 6. HP: 33/37 MP: 6/6
  3164 | D:4      | Noticed Dowan
  3164 | D:4      | Noticed Duvessa
  3165 | D:4      | 3165 ||| Stepping ~*~*~tactically~*~*~ (hiding).
  3172 | D:4      | Killed Dowan
  3176 | D:4      | HP: 9/38 [Duvessa/+0 short sword (3)]
  3178 | D:4      | Mangled by Duvessa

Levels and vault maps discovered:
D:1:      minmay_arrival_semitransparent, layout_basic,
          hellmonk_ecumenical_altar_arch_garden, serial_shops,
          nicolae_square_shop, corexii_leaking_fountain, minivault_19
D:2:      layout_rooms, kennysheep_boxes
D:3:      layout_basic
D:4:      layout_gridville, minmay_temple_entry_purple_smoke, minmay_bent,
          uniq_duvessa

Skill      XL: |  1  2  3  4  5  6 |
---------------+-------------------+-----
Axes           | 2 3 4 5 |  5.5
Dodging        | 1 |  1.0
Fighting       | 4 |  4.1
Armour         | |  3.2
Shields        | |  3.2

Action                   |  1- 3 |  4- 6 || total
-------------------------+-------+-------++-------
Melee: War axe           |   121 |   109 ||   230
  Use: Scroll            |     5 |     4 ||     9
       Potion            |     1 |     1 ||     2
Armor: Scale mail        |    70 |       ||    70
       Ring mail         |     2 |    51 ||    53
Dodge: Dodged            |    50 |    70 ||   120
Block: Buckler           |    30 |    19 ||    49

Table legend:
 A = Non-vault XP
 B = Vault XP
 C = Vault XP percentage of total XP
 D = Non-vault monster count
 E = Vault monster count
 F = Vault count percentage of total count
                 A         B        C        D         E       F
            +---------+---------+-------+---------+---------+-------
      Total |     205 |     266 |  56.5 |      61 |       7 |  10.3
            +---------+---------+-------+---------+---------+-------
        D:1 |      31 |       0 |   0.0 |      17 |       0 |   0.0
        D:2 |      43 |       0 |   0.0 |      19 |       0 |   0.0
        D:3 |     125 |     118 |  48.6 |      22 |       1 |   4.3
        D:4 |       6 |     148 |  96.1 |       3 |       6 |  66.7
            +---------+---------+-------+---------+---------+-------
